 Dungeon Crawl Stone Soup version bcrawl-1.32 (webtiles) character file.

Game seed: 10293136907337681840

133299 Morbidden the Sneak (level 4, 0/25 HPs)
             Began as a Skeleton Archaeologist on July 4, 2021.
             Slain by an orc wizard
             ... wielding a +1 dagger of protection
              (1 damage)
             ... on level 3 of the Dungeon.
             The game lasted 00:02:05 (1803 turns).

Morbidden the Sneak (Skeleton Archaeologist)        Turns: 1803, Time: 00:02:05

Health: 0/25       AC:  6    Str: 16 (17) XL:     4   Next: 27%
Magic:  0/4        EV: 12    Int: 14      God:
Gold:   118        SH:  0    Dex:  7      Spells: 3/3 levels left

rFire    . . .     SeeInvis .   a - +5 whip
rCold    + . .     Gourm    .   (no shield)
rNeg     + + +     Faith    .   c - +1 robe
rPois    ∞         Spirit   +   d - +0 helmet
rElec    .         Reflect  .   (no cloak)
rCorr    .         Harm     .   (no gloves)
MR       .....                  e - +1 pair of boots
Stlth    ++........             (no amulet)
HPRegen  0.08/turn              (no ring)
MPRegen  0.09/turn              (no ring)

@: no status effects
A: no food or potions, cold resistance 1, deterioration 1, negative energy
resistance 3, torment resistance, unbreathing, magic shield, sturdy frame 1,
spell healing
a: no special abilities


You were on level 3 of the Dungeon.
You were not hungry.

You visited 1 branch of the dungeon, and saw 3 of its levels.

You collected 118 gold pieces.

Inventory:

Hand Weapons
 a - a +5 whip (weapon)
 b - a +0 blowgun
Missiles
 f - 6 curare-tipped needles
 l - 29 poisoned needles
Armour
 c - a +1 robe (worn)
 d - a +0 helmet (worn)
 e - a +1 pair of boots (worn)
Scrolls
 g - 2 scrolls of magic mapping
 i - 3 scrolls of identify
 j - a scroll of fear {unknown}
 k - 3 scrolls of remove curse {unknown}
 m - a scroll of fog {unknown}
 n - a scroll of noise {unknown}
 o - a scroll of teleportation {unknown}
Miscellaneous
 h - a dusty tome


   Skills:
 + Level 1.2 Fighting
 + Level 2.1 Maces & Flails
 + Level 4.1 Dodging
 + Level 4.7 Stealth


You had 3 spell levels left.
You didn't know any spells.
Your spell library was empty.

Dungeon Overview and Level Annotations

Branches:
Dungeon (3/12)

Altars:
Dithmenos


Innate Abilities, Weirdness & Mutations

You do not eat or drink.
You are immune to poison.
Your flesh is cold resistant. (rC+)
Your body sometimes deteriorates upon taking damage.
You are immune to negative energy. (rN+++)
You are immune to unholy pain and torment.
You can survive without breathing.
When hurt, damage is shared between your health and your magic reserves.
Your movements are slightly less encumbered by armour. (ER -2)
Casting spells heals you.


Message History

Unknown command.
Unknown command.
You can't drink.
Unknown command.
You miss something.
Unknown command.
You miss something.
You hear some strange, mumbled words.
A magic dart appears from out of thin air!
The magic dart hits you. Something hits you but does no damage.
Unknown command.
You barely miss something. Something hits you but does no damage.
Unknown command.
You closely miss something. Something hits you.
* * * LOW HITPOINT WARNING * * *
Unknown command.
You hit something. Something hits you but does no damage.
Unknown command.
You closely miss something. Something hits you.
You die...

#....#. .# #..........
#....#.#.########.....
.
#<...............>###.
..
#....................
... #.........#
####.##..
_.#.#......... #...<)
.##.........#
######.....
##....####..#
#......##..
.......)@{..#
#.#########
...##.#####.# #.# #
#.# #.# #.# #.# #.#
#.# #.#.#.# #.#.#.#
#.#.#.# #.#.#.#


There were no monsters in sight!

Vanquished Creatures
  Jessica (D:2)
  A worm (D:3)
  2 dart slugs (D:2)
  3 leopard geckos (D:1)
  4 orcs (D:3)
  2 bats (D:1)
  2 giant cockroaches
  4 goblins
  3 hobgoblins
  5 jackals
  2 frilled lizards
  10 kobolds
  5 rats
44 creatures vanquished.

Notes
Turn   | Place    | Note
-------+----------+-------------------------------------------
     0 | D:1      | Morbidden the Skeleton Archaeologist began the quest for
                  | the Orb.
     0 | D:1      | Reached XP level 1. HP: 12/12 MP: 1/1
   124 | D:1      | Reached XP level 2. HP: 16/16 MP: 2/2
   818 | D:2      | Noticed Jessica
   839 | D:2      | Killed Jessica
   840 | D:2      | Reached XP level 3. HP: 16/20 MP: 3/3
  1468 | D:2      | Reached XP level 4. HP: 25/25 MP: 4/4
  1793 | D:3      | Found a shadowy altar of Dithmenos.
  1801 | D:3      | HP: 1/25 [something (3)]
  1803 | D:3      | Slain by an orc wizard

Skill      XL: |  1  2  3  4 |
---------------+-------------+-----
Stealth        | 4 |  4.7
Dodging        | 4 |  4.1
Maces & Flails | 2 |  2.1
Fighting       | |  1.2

Action                   |  1- 3 |  4- 6 || total
-------------------------+-------+-------++-------
Melee: Whip              |    90 |    58 ||   148
  Use: Scroll            |     1 |       ||     1
 Stab: Sleeping          |     4 |       ||     4
       Distracted        |     1 |       ||     1
Armor: Robe              |    35 |    21 ||    56
Dodge: Dodged            |    64 |    24 ||    88
